 Dungeon Crawl Stone Soup version 0.30-a0-949-g53dc5368d7 (webtiles) character file.

Game seed: 1095630455272726407

726 dunno567 the Covered (level 7, -1/63 HPs)
             Began as an Armataur Fighter on Mar 28, 2023.
             Succumbed to a water moccasin's poison
             ... on level 5 of the Dungeon.
             The game lasted 00:05:52 (3383 turns).

dunno567 the Covered (Armataur Fighter)             Turns: 3383, Time: 00:05:53

Health: -1/63      AC:  7    Str: 24    XL:     7   Next: 44%
Magic:  7/7        EV:  7    Int:  8    God:
Gold:   151        SH:  5    Dex:  9    Spells: 6/6 levels left

rFire   . . .      SeeInvis .    a - +0 war axe
rCold   . . .      Faith    .    c - +1 buckler
rNeg    . . .      Spirit   .    b - +0 scale mail
rPois   .          Reflect  .    (no helmet)
rElec   .          Roll     +    (no cloak)
rCorr   .                        (no gloves)
Will    .....                    (no barding) Stlth
                                 (no amulet)
HPRegen 0.30/turn                (no ring)
MPRegen 0.10/turn                (no ring)

@: lethally poisoned (-1 -> -10)
A: large, rugged brown scales 3, deformed body, armoured tail, roll, long
tongue, awkward tongue
a: no special abilities


You were on level 5 of the Dungeon.
You visited 1 branch of the dungeon, and saw 5 of its levels.

You collected 151 gold pieces.

Inventory:

Hand Weapons
 a - a +0 war axe (weapon)
Armour
 b - a +0 scale mail (worn)
 c - a +1 buckler (worn)
Jewellery
 h - a ring of magical power
Wands
 p - a wand of quicksilver (3)
Scrolls
 e - a scroll of blinking
 i - a scroll of enchant weapon {unknown}
 j - a scroll of fog
 l - a scroll of identify
 o - 2 scrolls of poison
Potions
 d - 2 potions of might
 f - 2 potions of haste
 g - a potion of magic {unknown}
 k - 3 potions of lignification
 n - a potion of mutation {unknown}
 q - 2 potions of curing {unknown}


   Skills:
 + Level 4.3 Fighting
 * Level 4.5 Axes
 + Level 5.7 Armour
 + Level 5.1 Shields


You had 6 spell levels left.
You didn't know any spells.
Your spell library was empty.

Dungeon Overview and Level Annotations

Branches:
Dungeon (5/15)
 Temple: D:4-7

Altars:
Ru
The Shining One

Shops:
D:2 [


Innate Abilities, Weirdness & Mutations

You are completely covered in rugged brown scales. (AC +3, +7% HP)
Armour fits poorly on your strangely shaped body.
You have a long armoured tail.
You roll when moving toward enemies. (Rampage)
Your long tongue fully drains potion bottles. (2x potion effects)
Your tongue gives you trouble enunciating. (1.5x scroll delay)


Message History

You kill the hound!
You closely miss the water moccasin. You block the water moccasin's attack.
The water moccasin bites you.
Your Shields skill increases to level 5!
You are too injured to fight recklessly!
You are too injured to fight recklessly!
You are too injured to fight recklessly!
You are too injured to fight recklessly!
Unknown command.
You closely miss the water moccasin.
The water moccasin bites you but does no damage.
You barely miss the water moccasin. The water moccasin barely misses you.
The water moccasin bites you.
You closely miss the water moccasin.
Your tail-slap misses the water moccasin.
The water moccasin bites you but does no damage. x2
You miss the water moccasin. You tail-slap the water moccasin!
The water moccasin is moderately wounded.
The water moccasin bites you.
You are poisoned.
The water moccasin poisons you! The water moccasin bites you.
You are more poisoned.
The water moccasin poisons you!
You hit the water moccasin.
The water moccasin is heavily wounded.
You feel extremely sick. The water moccasin bites you. x2
You closely miss the water moccasin.
The water moccasin is heavily wounded.
* * * LOW HITPOINT WARNING * * *
You feel very sick. The water moccasin bites you.
* * * LOW HITPOINT WARNING * * *
The water moccasin bites you.
* * * LOW HITPOINT WARNING * * *
You slash the water moccasin!
You kill the water moccasin!
* * * LOW HITPOINT WARNING * * *
You feel very sick.
You die...

... .# ... ...# ....
... ..... .. .....#
.# ^...^^.###.##
....^.^......#
^.^.^....@...#
........^....#
....^^.......#
.^.^^.........##
.....^.^..#...###
...^....).......#
#....)......[.......#
#...........##....###
#.........+###....#


There were no monsters in sight!

Vanquished Creatures
  A water moccasin (D:5)
  A phantom (D:4)
  A scorpion (D:3)
  An orc priest (D:4)
  3 hounds (D:5)
  3 iguanas
  Terence (D:3)
  Natasha (thrice) (D:2)
  2 orc wizards (D:4)
  6 adders
  A worm (D:2)
  A dart slug (D:2)
  7 orcs
  20 ball pythons
  A bat (D:2)
  9 endoplasms
  3 giant cockroaches
  10 goblins
  8 hobgoblins
  3 jackals (D:2)
  A kobold (D:1)
  2 frilled lizards (D:2)
  6 rats
94 creatures vanquished.

Notes
Turn   | Place    | Note
-------+----------+-------------------------------------------
     0 | D:1      | dunno567 the Armataur Fighter began the quest for the Orb.
     0 | D:1      | Reached XP level 1. HP: 19/19 MP: 1/1
   166 | D:1      | Reached XP level 2. HP: 26/26 MP: 2/2
   764 | D:2      | Reached XP level 3. HP: 33/33 MP: 3/3
   878 | D:2      | Noticed Natasha
   890 | D:2      | Killed Natasha
   891 | D:2      | Reached XP level 4. HP: 21/40 MP: 4/4
  1046 | D:2      | Noticed Natasha
  1054 | D:2      | Killed Natasha
  1175 | D:2      | Noticed Natasha
  1185 | D:2      | Killed Natasha
  1336 | D:2      | Found Heujuxt's Antique Armour Shoppe.
  1469 | D:3      | Reached XP level 5. HP: 48/48 MP: 5/5
  1662 | D:3      | Noticed Terence
  1666 | D:3      | Killed Terence
  2158 | D:3      | Reached XP level 6. HP: 40/54 MP: 6/6
  2300 | D:4      | Reached skill level 5 in Armour
  2886 | D:4      | Found a sacrificial altar of Ru.
  2886 | D:4      | Found a glowing golden altar of the Shining One.
  3180 | D:5      | Entered Level 5 of the Dungeon
  3192 | D:5      | Reached XP level 7. HP: 55/63 MP: 7/7
  3376 | D:5      | Reached skill level 5 in Shields
  3382 | D:5      | HP: 2/63 [poisoned by a water moccasin]
  3383 | D:5      | Succumbed to a water moccasin's poison

Illustrated notes

Levels and vault maps discovered:
D:1:      dpeg_arrival_fog, layout_basic
D:2:      layout_rooms, serial_shops, nicolae_shop_overgrown_old_shop,
          kennysheep_minor_cross, minmay_small_reverse_x, uniq_natasha
D:3:      layout_basic, uniq_terence
D:4:      layout_basic, gammafunk_temple_overflow_elements,
          nicolae_figureground_sparkle
D:5:      layout_gridville, kennysheep_little_box,
          mainiacjoe_overflow_tiny_flanked, minmay_holes, minivault_14,
          corexii_corridor_pit, glass_columns_c

Skill      XL: |  1  2  3  4  5  6  7 |
---------------+----------------------+-----
Axes           | 2 3 4 |  4.5
Fighting       | 3 4 |  4.3
Armour         | 4 5 |  5.7
Shields        | 4 5 |  5.1

Action                     |  1- 3 |  4- 6 |  7- 9 || total
---------------------------+-------+-------+-------++-------
  Melee: War axe           |    71 |   185 |    29 ||   285
         Tailslap          |     6 |    22 |     4 ||    32
    Use: Scroll            |     2 |     8 |       ||    10
 Armour: Scale mail        |    29 |    83 |    16 ||   128
  Dodge: Dodged            |    28 |    51 |     6 ||    85
  Block: Buckler           |    21 |    44 |     6 ||    71

Table legend: (Time is in decaauts)
 A = Elapsed time spent in this place.
 B = Non-inter-level travel time spent in this place.
 C = Inter-level travel time spent in this place.
 D = Time resting spent in this place.
 E = Time spent auto-exploring this place.
 F = Levels seen in this place.
 G = Mean time per level.
                   A        B        C        D        E       F      G
               +--------+--------+--------+--------+--------+-----+--------+
         Total |   3511 |   3384 |    127 |     30 |   2699 |   5 |  702.2 |
       Dungeon |   3511 |   3384 |    127 |     30 |   2699 |   5 |  702.2 |
               +--------+--------+--------+--------+--------+-----+--------+

Top non-repeatable levels by time:
     D:4: 973 daAuts
     D:2: 903 daAuts
     D:3: 737 daAuts
     D:1: 682 daAuts
     D:5: 214 daAuts
